Map: Kairos Junction LE

Players

OGZest (Zest) - Winner!

  • Race: Protoss Protoss
  • Spawn Location: 5:00

soO

  • Race: Zerg Zerg
  • Spawn Location: 11:00

Event: HomeStory Cup XIX

VOD

Have the link to the VOD?

Description

Time

  • Played on: June 30, 2019, 2:10 p.m.
  • Length: 13:13

All games in this series

Show
View Real Time Build Order
Export as new Build Order

OGZest Protoss - Winner!

Build Orders: 1 Gate Expand, Archon Immortal, Archon Drop, Dark Templar Rush 

Get SALT Encoding   

  12  0:00  Probe  
  13  0:12  Probe  
  14  0:17  Pylon  
  14  0:23  Probe  
  15  0:31  Probe  
  15  0:38  Gateway  
  15  0:40  Probe  
  16  0:49  Assimilator  
  17  0:56  Pylon  
  17  0:59  Probe  
  18  1:11  Probe  
  19  1:23  Probe  
  20  1:34  Nexus  
  20  1:44  Cybernetics Core  
  20  1:52  Zealot  
  22  1:56  Probe  
  23  2:08  Probe  
  23  2:09  Pylon  
  23  2:10  Adept  
  24  2:20  Probe  
  24  2:21  Warp Gate  
  27  2:31  Adept  
  27  2:32  Probe  
  28  2:40  Assimilator  
  28  2:43  Probe  
  30  2:45  Probe  
  30  2:51  Probe  
  32  2:57  Probe  
  34  2:59  Twilight Council  
  34  3:01  Probe  
  35  3:09  Probe  
  36  3:13  Probe  
  36  3:17  Gateway  
  37  3:23  Probe  
  37  3:24  Robotics Facility  
  37  3:25  Probe  
  39  3:35  Probe  
  39  3:37  Probe  
  41  3:47  Probe  
  42  3:49  Probe  
  42  3:50  Dark Shrine  
  41  3:57  Gateway x2  
  41  4:01  Assimilator, Probe x2  
  43  4:03  Assimilator  
  43  4:09  Stalker  
  45  4:16  Pylon  
  46  4:17  Probe  
  46  4:21  Pylon  
  46  4:22  Warp Prism  
  46  4:33  Pylon  
  46  4:34  Probe x2  
  50  4:46  Probe x2  
  50  4:49  Adept  
  50  4:51  Observer  
  54  4:53  Pylon  
  54  4:58  Probe x2  
  57  5:00  Forge  
  57  5:09  Pylon  
  57  5:11  Dark Templar x3  
  57  5:12  Dark Templar  
  65  5:17  Probe  
  65  5:18  Probe  
  67  5:25  Immortal  
  71  5:41  Nexus  
  69  5:44  Pylon, Protoss Ground Weapons Level 1  
  67  5:50  Dark Templar  
  67  5:54  Archon  
  67  5:55  Archon  
  69  5:57  Adept x2  
  69  5:58  Immortal  
  69  6:00  Pylon  
  73  6:05  Shield Battery  
  73  6:10  Charge  
  73  6:20  Zealot  
  73  6:21  Zealot  
  77  6:29  Zealot x2  
  74  6:44  Sentry x2  
  74  6:46  Immortal  
  78  6:47  Gateway  
  78  6:49  Gateway x2  
  78  6:52  Gateway  
  78  7:05  Stalker x2  
  82  7:14  Probe x2  
  82  7:15  Probe  
  85  7:17  Sentry, Immortal  
  85  7:18  Sentry  
  89  7:24  Pylon  
  89  7:28  Probe  
  89  7:29  Probe x2, Shield Battery  
  96  7:37  Dark Templar x2  
  96  7:41  Pylon  
  100  7:59  Dark Templar x2  
  99  8:05  Zealot x4  
  101  8:29  Zealot x6  
  101  8:30  Probe x3  
  101  8:31  Pylon  
  116  8:38  Pylon, Protoss Ground Weapons Level 2  
  116  8:40  Archon  
  116  8:42  Immortal  
  116  8:51  Photon Cannon  
  118  9:03  Pylon  
  118  9:06  Photon Cannon  
  118  9:12  Probe x2  
  118  9:14  Pylon  
  118  9:15  Photon Cannon, Archon  
  120  9:18  Immortal  
  120  9:20  Zealot x4  
  132  9:32  Sentry  
  132  9:33  Zealot  
  136  9:40  Observer  
  136  9:45  Warp Prism  
  120  9:57  Dark Templar x4  
  120  9:58  Zealot x2  
  134  10:07  Archon x2  
  134  10:08  Dark Templar x2  
  134  10:14  Immortal  
  136  10:21  Zealot x2  
  128  10:33  Zealot x4  
  120  10:42  Immortal  
  96  10:43  Zealot x3  
  80  10:55  Zealot x4  
  86  10:59  Sentry  
  86  11:02  Archon  
  88  11:05  Sentry  
  88  11:06  Sentry x2  
  94  11:14  Immortal  
  94  11:15  Photon Cannon, Shield Battery  
  94  11:18  Sentry  
  94  11:19  Sentry x2  
  88  11:35  Zealot  
  86  11:42  Immortal  
  86  11:47  Zealot x6  
  86  11:53  Sentry  
  102  12:00  Sentry  
  103  12:06  Sentry x2  
  103  12:07  Zealot  
  103  12:08  Zealot x3  
  111  12:14  Observer  
  116  12:27  Zealot x5  
  126  12:38  Zealot x3  
  132  12:50  Zealot x5  
  118  12:59  Zealot  
  118  13:00  Zealot x2  
Show
View Real Time Build Order
Export as new Build Order

soO Zerg 

Build Orders: Pool First 

Get SALT Encoding   

  12  0:00  Drone  
  13  0:12  Overlord  
  13  0:17  Drone  
  14  0:30  Drone x2  
  14  0:34  Drone  
  17  0:51  Drone  
  18  1:09  Drone  
  18  1:11  Extractor  
  18  1:12  Spawning Pool  
  18  1:17  Hatchery  
  16  1:20  Drone  
  16  1:25  Drone  
  18  1:31  Drone  
  19  1:38  Extractor  
  19  1:39  Drone  
  19  1:52  Overlord  
  19  1:58  Queen  
  19  1:59  Zergling x2  
  22  2:11  Metabolic Boost  
  22  2:12  Zergling x2  
  23  2:21  Drone  
  24  2:29  Drone, Queen  
  27  2:33  Drone  
  28  2:43  Drone  
  29  2:46  Hatchery  
  29  2:50  Zergling x2  
  29  2:51  Zergling x2  
  30  3:00  Zergling x2  
  30  3:02  Drone  
  32  3:07  Drone  
  33  3:13  Zergling x2  
  33  3:14  Queen, Overlord  
  36  3:34  Drone x5  
  39  3:37  Drone x3  
  44  3:43  Overlord  
  44  3:44  Overlord  
  43  3:51  Drone  
  44  3:57  Queen  
  44  3:58  Drone x2  
  44  4:00  Drone  
  50  4:02  Drone  
  50  4:03  Drone  
  51  4:10  Drone x3  
  54  4:20  Drone, Roach Warren  
  54  4:23  Drone x2, Overlord  
  56  4:26  Lair  
  56  4:28  Drone x2  
  56  4:31  Overlord  
  58  4:33  Extractor  
  58  4:34  Drone  
  58  4:40  Overlord  
  58  4:42  Drone x3, Spore Crawler  
  60  4:49  Spore Crawler  
  60  4:50  Spore Crawler  
  58  4:53  Zergling x6  
  58  4:59  Zergling x4  
  63  5:05  Roach x5  
  73  5:10  Roach x2  
  77  5:18  Roach  
  77  5:19  Roach  
  77  5:20  Drone, Overlord  
  82  5:23  Extractor  
  82  5:25  Overseer, Extractor  
  73  5:35  Drone x2  
  73  5:36  Drone x3  
  73  5:39  Drone x3  
  77  5:47  Drone x4  
  81  5:53  Overseer  
  81  5:54  Glial Reconstitution  
  81  5:55  Drone x2  
  83  6:03  Drone x3  
  85  6:06  Drone x2  
  85  6:09  Evolution Chamber  
  86  6:14  Roach x2  
  86  6:15  Overlord  
  86  6:17  Overlord  
  86  6:29  Roach x3  
  83  6:40  Drone x2  
  83  6:43  Drone x2  
  83  6:46  Zerg Missile Weapons Level 1, Drone x2  
  88  6:48  Roach x4  
  88  6:49  Roach x2  
  88  6:52  Drone  
  96  7:05  Roach x4  
  96  7:07  Drone  
  104  7:09  Overlord  
  104  7:14  Overlord  
  104  7:16  Extractor  
  104  7:19  Overlord  
  103  7:25  Overlord  
  103  7:26  Overlord  
  103  7:32  Roach  
  103  7:34  Roach x4  
  103  7:36  Ravager  
  114  7:41  Drone x6  
  120  7:45  Roach x2  
  125  7:51  Ravager x3  
  125  7:52  Roach x2  
  131  7:59  Roach x2  
  131  8:04  Roach  
  135  8:06  Overlord  
  135  8:08  Overlord  
  135  8:09  Overlord  
  129  8:14  Overlord  
  129  8:19  Roach x2  
  128  8:20  Roach  
  128  8:21  Roach x2  
  128  8:24  Roach  
  128  8:25  Roach  
  128  8:27  Roach x2  
  135  8:30  Roach x2  
  135  8:32  Roach x2  
  143  8:35  Ravager x2  
  143  8:37  Roach  
  147  8:44  Roach x2  
  151  8:53  Roach x2  
  155  8:57  Overlord  
  155  8:58  Overlord  
  155  9:03  Roach x4  
  155  9:09  Roach x2  
  167  9:15  Overseer  
  167  9:17  Ravager, Roach  
  168  9:21  Roach x2  
  168  9:24  Zergling x8  
  178  9:31  Zergling x8  
  182  9:32  Ravager x2  
  182  9:33  Overlord  
  183  9:45  Roach x3  
  176  9:46  Roach x2  
  162  9:55  Roach  
  162  9:56  Roach x5  
  172  10:04  Roach x3  
  178  10:13  Roach x2  
  178  10:17  Roach  
  173  10:24  Roach x3  
  173  10:25  Roach  
  173  10:27  Roach  
  172  10:30  Roach  
  172  10:32  Zergling x4  
  154  10:37  Roach  
  154  10:38  Roach  
  154  10:41  Roach  
  138  10:43  Roach  
  138  10:46  Roach  
  123  10:51  Roach x2  
  123  10:56  Roach  
  119  10:57  Zergling x6  
  119  11:00  Overseer  
  119  11:01  Zergling x2  
  122  11:08  Roach x2  
  128  11:12  Zergling x2, Roach x3  
  128  11:18  Ravager  
  129  11:30  Roach  
  129  11:31  Roach x2  
  129  11:32  Roach  
  106  11:33  Roach  
  106  11:34  Roach  
  106  11:35  Roach x2  
  106  11:38  Roach  
  95  11:40  Roach  
  95  11:41  Roach x2  
  95  11:44  Roach  
  92  11:49  Ravager  
  92  11:51  Zergling x2, Roach  
  96  11:57  Roach x2  
  100  12:03  Ravager  
  100  12:07  Roach  
  100  12:08  Roach x2  
  107  12:10  Zergling x4  
  107  12:14  Ravager  
  107  12:15  Zergling x4  
  112  12:21  Roach x2  
  116  12:28  Ravager  
  116  12:29  Zergling x4, Roach  
  121  12:33  Roach  
  120  12:38  Ravager  
  120  12:39  Ravager  
  120  12:40  Zergling x8  
  125  12:47  Roach  
  125  12:48  Roach x2  
  125  12:50  Roach  
Tags
 
Add a new tag
Caveats
  • Supply blocks, unpowered buildings, or Contaminate may cause inaccurate times.
  • Supply counts are checked every 10 seconds.